 Dungeon Crawl Stone Soup version 0.23-a0-713-ge59bbb1 (webtiles) character file.

2 DrEnzyme the Magician (level 1, -1/15 HPs)
             Began as a Mummy Wanderer on Jan 15, 2019.
             Killed from afar by a dart slug (6 damage)
             ... with a slug dart
             ... on level 1 of the Dungeon.
             The game lasted 00:01:40 (194 turns).

DrEnzyme the Magician (Mummy Wanderer)               Turns: 194, Time: 00:01:40

Health: -1/15      AC:  2    Str: 13    XL:     1   Next: 25%
Magic:  3/6        EV: 11    Int: 11    God:
Gold:   40         SH:  0    Dex: 13    Spells: 9/10 levels left

rFire    x . .     SeeInvis .   a - +0 whip
rCold    + . .     Gourm    .   (no shield)
rNeg     + + +     Faith    .   d - +0 robe
rPois    ∞         Spirit   .   (no helmet)
rElec    .         Reflect  .   (no cloak)
rCorr    .         Harm     .   (no gloves)
MR       .....                  (no boots)
Stlth    +.........             (no amulet)
HPRegen  0.05/turn              (no ring)
MPRegen  0.10/turn              (no ring)

@: very slightly contaminated
A: no food or potions, fire vulnerability, cold resistance 1, negative energy
resistance 3, torment resistance, unbreathing
a: no special abilities


You were on level 1 of the Dungeon.
You were not hungry.

You visited 1 branch of the dungeon, and saw 1 of its levels.

You collected 40 gold pieces.

Inventory:

Hand Weapons
 a - a +0 whip (weapon)
 e - a +0 club
Armour
 d - a +0 robe (worn)


   Skills:
 * Level 1.0 Fighting
   Level 1.5 Long Blades
   Level 1.0 Shields
 + Level 5.4 Spellcasting
   Level 1.0 Translocations
   Level 1.0 Evocations


You had 9 spell levels left.
You knew the following spells:

 Your Spells              Type           Power        Failure   Level  Hunger
a - Magic Dart            Conj           #...         21%         1    N/A

Your spell library contained the following spells:

 Spells                   Type           Power        Failure   Level  Hunger
 Apportation              Tloc           #.....       14%         1    N/A
 Blink                    Tloc           N/A          21%         2    N/A
 Call Imp                 Summ           #.......     30%         2    N/A
 Slow                     Hex            #.......     30%         2    N/A
 Teleport Other           Tloc           #.......     38%         3    N/A
 Conjure Flame            Conj/Fire      #.......     52%         3    N/A
 Mephitic Cloud           Conj/Pois/Air  #.......     52%         3    N/A

Dungeon Overview and Level Annotations

Branches:
Dungeon (1/15)

Altars:


Innate Abilities, Weirdness & Mutations

You do not eat or drink.
Your flesh is vulnerable to fire.
You are immune to poison.
Your flesh is cold resistant. (rC+)
You are immune to negative energy. (rN+++)
You are immune to unholy pain and torment.
You can survive without breathing.


Message History

The leopard gecko is heavily wounded.
The leopard gecko bites you.
You hit the leopard gecko.
The leopard gecko is severely wounded.
The leopard gecko barely misses you. x2
You closely miss the leopard gecko.
The leopard gecko is severely wounded.
The leopard gecko misses you.
You closely miss the leopard gecko.
The leopard gecko is severely wounded.
The leopard gecko bites you.
As you read the scroll of teleportation, it crumbles to dust.
You feel strangely unstable. The leopard gecko bites you.
The leopard gecko closely misses you.
Your surroundings suddenly seem different.
Found a dented lapis lazuli amulet.
Found a large bronze ring.
The dart slug launches a dart at you. The slug dart hits you!
You die...

..P..≈# .PPP.≈#
..P..≈#
....♣♣###
<.......#
....♣♣#.#
..P..≈# ##### #
.PPP.≈#
.....####=#
..P..≈#
#####...@..# .
≈♣≈≈≈≈#
........##.#...
.######
######.......#
.# #......## ##
#.K..##### #
#wK.?###
#########..##.#
.....l.(....w..
########..###.#


You could see a dart slug and a kobold.

Vanquished Creatures
  A hobgoblin (D:1)
  A kobold (D:1)
2 creatures vanquished.

Notes
Turn   | Place    | Note
-------+----------+-------------------------------------------
     0 | D:1      | DrEnzyme the Mummy Wanderer began the quest for the Orb.
     0 | D:1      | DrEnzyme set off with the following items: a scroll of
                  | teleportation, a +0 robe, a +0 club; and the following
                  | spells available to memorise: Apportation, Magic Dart,
                  | Blink, Call Imp, Slow, Teleport Other, Conjure Flame,
                  | Mephitic Cloud
     0 | D:1      | Reached XP level 1. HP: 15/15 MP: 6/6
     2 | D:1      | Learned a level 1 spell: Magic Dart
   194 | D:1      | Killed from afar by a dart slug

Vault maps used:
D:1:      ldierk_walled_garden

Action                   || total
-------------------------++-------
Melee: Club              ||     9
       Whip              ||     7
 Cast: Magic Dart        ||     5
  Use: Scroll            ||     1
Armor: Robe              ||     1
Dodge: Dodged            ||    15

Table legend:
 A = Non-vault XP
 B = Vault XP
 C = Vault XP percentage of total XP
 D = Non-vault monster count
 E = Vault monster count
 F = Vault count percentage of total count
                 A         B        C        D         E       F
            +---------+---------+-------+---------+---------+-------
      Total |       3 |       0 |   0.0 |       2 |       0 |   0.0
            +---------+---------+-------+---------+---------+-------
        D:1 |       3 |       0 |   0.0 |       2 |       0 |   0.0
            +---------+---------+-------+---------+---------+-------
